Map: 포트 알렉산더 - 래더

Players

Patience - Winner!

  • Race: Protoss Protoss
  • League: Master
  • Spawn Location: 11:00

soO

  • Race: Zerg Zerg
  • Spawn Location: 5:00

Event: IEM Season 13 - Katowice Server Qualifiers America

VOD

Have the link to the VOD?

Description

Time

  • Played on: Jan. 6, 2019, 6:24 p.m.
  • Length: 16:30

All games in this series

Show
View Real Time Build Order
Export as new Build Order

Patience Protoss - Winner!

Build Orders: Nexus First, Archon Immortal, Archon Drop, Dark Templar Rush 

Get SALT Encoding   

  12  0:00  Probe  
  13  0:12  Probe  
  14  0:19  Pylon  
  14  0:26  Probe  
  15  0:38  Probe  
  16  0:51  Probe  
  17  1:00  Nexus  
  17  1:10  Gateway  
  17  1:13  Probe  
  18  1:18  Assimilator  
  18  1:25  Probe  
  19  1:26  Assimilator  
  19  1:33  Probe  
  20  1:40  Gateway  
  20  1:41  Probe  
  21  1:51  Probe  
  22  1:57  Cybernetics Core  
  22  2:03  Probe  
  23  2:08  Pylon  
  23  2:11  Probe  
  23  2:13  Probe  
  25  2:19  Probe  
  25  2:25  Probe  
  27  2:30  Probe  
  27  2:33  Sentry, Stalker  
  27  2:35  Warp Gate  
  32  2:37  Probe  
  32  2:39  Probe  
  34  2:45  Probe  
  34  2:47  Probe  
  36  2:53  Probe  
  36  2:54  Twilight Council  
  36  2:56  Probe  
  38  3:05  Probe  
  38  3:07  Adept  
  38  3:09  Adept  
  43  3:13  Probe  
  43  3:15  Pylon  
  43  3:19  Probe  
  45  3:25  Probe  
  46  3:27  Robotics Facility  
  46  3:33  Probe  
  47  3:37  Probe  
  48  3:45  Probe, Assimilator  
  48  3:47  Assimilator  
  48  3:48  Dark Shrine  
  49  3:49  Probe  
  50  3:56  Gateway  
  50  3:57  Gateway  
  50  4:00  Probe  
  50  4:01  Probe, Pylon  
  52  4:10  Warp Prism  
  52  4:12  Probe  
  52  4:17  Pylon  
  55  4:25  Probe x2  
  57  4:35  Warp Prism  
  56  4:45  Probe x2  
  56  4:49  Adept  
  56  4:51  Adept  
  63  4:59  Pylon  
  63  5:02  Nexus  
  62  5:08  Forge  
  62  5:12  Observer, Dark Templar x4  
  71  5:22  Probe x2  
  71  5:25  Immortal  
  73  5:31  Shield Battery  
  73  5:32  Pylon  
  77  5:39  Probe  
  78  5:45  Pylon  
  78  5:46  Protoss Ground Weapons Level 1  
  79  5:50  Probe  
  79  5:55  Pylon  
  79  5:56  Immortal  
  79  5:57  Dark Templar x2  
  79  5:58  Dark Templar  
  85  6:07  Probe  
  85  6:08  Archon x2  
  85  6:09  Probe  
  89  6:19  Charge, Probe  
  89  6:20  Gateway  
  89  6:21  Probe  
  89  6:22  Gateway  
  89  6:25  Probe, Immortal  
  92  6:30  Sentry  
  92  6:31  Zealot x3  
  100  6:39  Probe  
  103  6:41  Probe x2  
  100  6:51  Immortal, Zealot x2  
  100  6:52  Probe  
  100  6:53  Probe, Zealot  
  104  6:55  Archon  
  88  7:02  Zealot  
  88  7:03  Probe  
  88  7:04  Probe  
  86  7:09  Shield Battery x2  
  86  7:15  Zealot x3  
  84  7:17  Immortal  
  84  7:20  Probe x2  
  84  7:21  Probe  
  84  7:22  Protoss Ground Weapons Level 2  
  84  7:32  Probe  
  84  7:34  Zealot x3  
  91  7:38  Zealot x2  
  88  7:48  Zealot  
  88  7:53  Probe x3  
  87  8:07  Zealot x5  
  87  8:09  Pylon  
  94  8:26  Zealot  
  90  8:27  Zealot  
  90  8:33  Zealot x4  
  100  8:35  Probe x2  
  100  8:36  Sentry x4  
  100  8:40  Assimilator  
  102  8:43  Assimilator  
  106  8:49  Gateway x2, Photon Cannon  
  106  8:51  Adept, Photon Cannon  
  106  8:52  Sentry, Shield Battery  
  106  8:54  Pylon  
  110  8:57  Pylon  
  110  9:00  Blink  
  110  9:05  Dark Templar, Pylon  
  110  9:06  Dark Templar x3  
  118  9:13  Photon Cannon  
  118  9:15  Photon Cannon  
  118  9:19  Photon Cannon  
  118  9:20  Immortal  
  118  9:22  Sentry x2  
  122  9:29  Protoss Ground Armor Level 1  
  122  9:38  Zealot x4  
  127  9:52  Templar Archives  
  127  9:58  Archon  
  127  9:59  Archon  
  127  10:09  Nexus  
  127  10:12  Pylon  
  127  10:15  Immortal  
  127  10:19  Stalker x6  
  127  10:20  Stalker  
  144  10:30  Photon Cannon  
  141  10:41  Dark Templar  
  141  10:42  High Templar x2  
  145  10:43  High Templar  
  145  10:47  Photon Cannon  
  145  10:49  Archon x2  
  149  10:53  Photon Cannon  
  149  11:00  Protoss Ground Weapons Level 3  
  149  11:03  Stalker x4  
  157  11:09  Photon Cannon  
  155  11:11  Shield Battery  
  155  11:19  Stalker  
  155  11:22  Pylon  
  155  11:23  Pylon  
  155  11:25  Pylon  
  157  11:29  Observer  
  157  11:32  Stalker x3  
  158  11:41  Probe x3  
  158  11:56  Sentry  
  158  12:01  Pylon  
  158  12:05  Warp Prism  
  158  12:07  Stalker x7  
  171  12:20  Photon Cannon  
  154  12:38  Stalker x4  
  154  12:39  Stalker x2  
  154  13:00  High Templar x2  
  154  13:01  High Templar x2  
  162  13:05  Archon  
  162  13:06  Archon, Stalker x4  
  170  13:17  Observer  
  169  13:40  Stalker x8  
  137  14:02  Stalker x3  
  100  14:38  Dark Templar  
  100  14:39  Dark Templar x2  
  102  14:59  Archon  
Show
View Real Time Build Order
Export as new Build Order

soO Zerg 

Build Orders: Hatch First 

Get SALT Encoding   

  12  0:00  Drone  
  13  0:12  Overlord  
  13  0:17  Drone  
  14  0:30  Drone x2  
  14  0:34  Drone  
  17  0:52  Hatchery  
  17  0:54  Drone  
  17  0:58  Drone  
  18  1:08  Extractor  
  17  1:14  Spawning Pool  
  17  1:15  Drone  
  17  1:19  Drone  
  18  1:27  Drone  
  19  1:39  Drone  
  20  1:49  Overlord  
  20  2:01  Queen  
  20  2:03  Queen  
  20  2:04  Zergling x4  
  26  2:12  Drone  
  26  2:15  Drone  
  28  2:21  Drone  
  29  2:26  Drone  
  30  2:31  Hatchery  
  30  2:35  Drone  
  30  2:37  Pneumatized Carapace  
  30  2:41  Drone  
  31  2:47  Queen  
  33  2:53  Overlord  
  33  2:55  Drone  
  33  2:57  Drone  
  35  3:02  Drone  
  36  3:13  Drone x5  
  36  3:17  Overlord, Drone  
  42  3:20  Drone  
  42  3:21  Drone  
  44  3:30  Overlord  
  44  3:37  Queen, Drone  
  44  3:40  Drone  
  48  3:43  Queen  
  48  3:44  Drone x2  
  52  3:49  Lair  
  52  3:50  Drone  
  53  3:56  Drone x2  
  53  3:57  Drone  
  53  4:00  Drone  
  53  4:02  Extractor  
  56  4:03  Extractor  
  56  4:04  Roach Warren  
  56  4:05  Drone  
  56  4:08  Drone  
  56  4:11  Spore Crawler x2  
  56  4:13  Drone  
  55  4:17  Zergling x4  
  55  4:19  Drone  
  58  4:30  Drone  
  60  4:32  Overlord  
  60  4:44  Roach x3  
  65  4:45  Overlord  
  65  4:46  Glial Reconstitution  
  65  4:48  Overlord  
  65  4:50  Overlord  
  65  4:52  Roach x4  
  73  4:53  Overseer  
  73  4:57  Extractor  
  73  4:58  Overlord x2  
  72  5:03  Overlord, Drone  
  73  5:08  Roach x4  
  81  5:15  Drone x2  
  81  5:16  Drone  
  84  5:25  Overseer  
  84  5:30  Drone x4  
  88  5:37  Roach x8  
  104  5:45  Overlord  
  104  5:47  Overseer  
  101  5:59  Roach x8  
  101  6:03  Overlord  
  117  6:05  Roach x2  
  121  6:14  Metabolic Boost  
  121  6:16  Roach  
  123  6:22  Overlord  
  123  6:24  Extractor  
  122  6:33  Roach x4  
  122  6:34  Roach x3  
  136  6:43  Roach x2  
  138  6:50  Roach x3  
  138  6:52  Roach x2, Zergling x6  
  143  6:57  Roach  
  129  7:02  Roach  
  129  7:05  Roach x4  
  123  7:16  Roach  
  123  7:21  Roach, Ravager  
  123  7:22  Roach  
  128  7:24  Roach  
  128  7:25  Roach  
  128  7:26  Roach  
  126  7:34  Roach  
  126  7:35  Hatchery  
  126  7:37  Roach  
  123  7:38  Roach  
  123  7:41  Roach x2  
  123  7:42  Roach  
  120  7:46  Roach x5  
  120  7:48  Zergling x4  
  120  7:50  Roach  
  126  7:52  Roach  
  126  7:58  Zergling x2  
  119  8:05  Zergling x4  
  119  8:12  Spire  
  119  8:17  Roach x2  
  105  8:22  Zergling x6  
  96  8:29  Zergling x4  
  96  8:30  Zergling x2  
  96  8:34  Roach x8  
  106  8:42  Drone  
  107  8:54  Drone x3  
  110  9:14  Overlord  
  110  9:17  Overseer  
  110  9:24  Mutalisk x8  
  110  9:30  Mutalisk  
  126  9:31  Zergling x4  
  126  9:32  Zergling x4  
  126  9:34  Overlord  
  126  9:35  Drone x2  
  130  9:46  Drone x3  
  130  9:48  Hatchery  
  130  9:51  Drone x3  
  130  9:52  Drone  
  134  9:53  Drone x3  
  137  10:01  Mutalisk x3  
  137  10:06  Zerg Flyer Weapons Level 1  
  143  10:10  Extractor  
  143  10:14  Overseer  
  142  10:16  Mutalisk  
  144  10:28  Mutalisk x2  
  142  10:29  Zergling x2  
  142  10:30  Zergling x10  
  152  10:38  Overlord x2  
  150  10:44  Overlord  
  150  10:48  Overlord  
  150  10:56  Overlord  
  150  10:59  Mutalisk x4  
  150  11:03  Drone  
  150  11:04  Overlord, Drone x3  
  162  11:14  Drone  
  162  11:15  Extractor  
  162  11:17  Extractor  
  161  11:20  Overseer  
  161  11:21  Mutalisk x2  
  161  11:22  Mutalisk  
  161  11:24  Hatchery  
  166  11:28  Drone  
  167  11:37  Zergling x18  
  167  11:38  Zergling x8  
  178  11:48  Overlord x2  
  177  11:57  Overlord  
  177  11:58  Overlord  
  175  12:01  Overlord  
  175  12:02  Overlord x3  
  175  12:22  Mutalisk x2  
  175  12:24  Mutalisk x4  
  183  12:30  Mutalisk x8  
  178  12:45  Mutalisk x4  
  178  12:49  Zergling x14  
  178  12:50  Overseer  
  156  12:53  Mutalisk  
  156  13:00  Mutalisk x2  
  156  13:05  Zergling x14  
  151  13:38  Mutalisk x6  
  149  13:47  Mutalisk x2  
  150  14:01  Mutalisk x3  
  139  14:07  Zergling x14  
  116  14:22  Mutalisk  
  116  14:23  Mutalisk, Hatchery  
  51  15:50  Spawning Pool  
  49  16:03  Drone x3  
  49  16:04  Drone x3  

Tags
 
Add a new tag
Caveats
  • Supply blocks, unpowered buildings, or Contaminate may cause inaccurate times.
  • Supply counts are checked every 10 seconds.